 Dungeon Crawl Stone Soup version 0.21.1-1-g345015f (webtiles) character file.

258 Larett the Covert (level 6, -1/39 HPs)
             Began as an Octopode Assassin on Apr 6, 2018.
             Slain by a bullfrog (2 damage)
             ... in a sewer.
             The game lasted 00:05:43 (2678 turns).

Larett the Covert (Octopode Assassin)               Turns: 2678, Time: 00:05:44

Health: -1/39      AC:  1    Str: 15    XL:     6   Next: 16%
Magic:  6/6        EV: 10    Int: 14    God:
Gold:   182        SH:  0    Dex: 15    Spells: 5/5 levels left

rFire    . . .     SeeInvis .   a - +3 dagger
rCold    . . .     Gourm    .   (no shield)
rNeg     . . .     Faith    .   (helmet restricted)
rPois    .         Spirit   .   (no amulet)
rElec    .         Reflect  .   v - +5 ring of strength
rCorr    .         Harm     .   (no ring)
MR       .....                  (no ring)
Stlth    ++++++....             (no ring)
HPRegen  0.13/turn              (no ring)
MPRegen  0.10/turn              (no ring)
                                (no ring)
                                (no ring)

@: constricted
A: almost no armour, stealthy swim, amphibious, 8 rings, constrict 8, camouflage
1, gelatinous body 1
a: no special abilities


You were in a sewer.
You were not hungry.

You visited 1 branch of the dungeon, and saw 3 of its levels.
You also visited: Sewer.

You collected 182 gold pieces.

Inventory:

Hand Weapons
 a - a +3 dagger (weapon)
 q - a +0 blowgun
Missiles
 c - 42 poisoned needles
 d - 2 curare-tipped needles
 t - 38 sling bullets
 x - 46 stones
 R - 2 tomahawks (quivered)
Jewellery
 v - a +5 ring of strength (left tentacle)
Wands
 A - a wand of acid (12)
Scrolls
 r - a scroll of teleportation {unknown}
 s - a scroll of blinking {unknown}
 y - a scroll of random uselessness {unknown}
 z - a scroll of fog {unknown}
 S - 2 scrolls of enchant weapon
 T - a scroll of identify {unknown}
 U - a scroll of remove curse {unknown}
Comestibles
 f - 7 rations


   Skills:
 - Level 2.0 Fighting
 - Level 2.0 Short Blades
 - Level 2.0 Throwing
 + Level 1.3 Dodging
 - Level 10.0 Stealth


You had 5 spell levels left.
You didn't know any spells.

Dungeon Overview and Level Annotations

Branches:
Dungeon (3/15)

Altars:


Innate Abilities, Weirdness & Mutations

You cannot wear most types of armour.
You are very stealthy in the water. (Stealth+)
You are amphibious.
You can wear up to eight rings at the same time.
You can use your tentacles to constrict eight enemies at once.
Your skin changes colour to match your surroundings (Stealth+).
Your rubbery body absorbs attacks. (AC +1, EV +1)


Message History

You hit the bullfrog. Your grab misses the bullfrog.
Your squeeze misses the bullfrog.
The bullfrog is lightly wounded.
The bullfrog hits you. The ball python completely misses you.
The ball python grabs you. The ball python constricts you.
You hit the bullfrog. Your grab misses the bullfrog.
The bullfrog is moderately wounded.
The bullfrog hits you!
* * * LOW HITPOINT WARNING * * *
The ball python bites you.
* * * LOW HITPOINT WARNING * * *
The ball python constricts you.
You completely miss the ball python. You grab the ball python.
You constrict the ball python.
The bullfrog hits you but does no damage.
The ball python closely misses you.
* * * LOW HITPOINT WARNING * * *
The ball python constricts you. The bullfrog hits you.
You die...

≈≈##≈≈# #.≈###≈#≈≈#
≈≈#.÷##≈≈.≈..≈##≈..#.#≈≈#
.≈#≈≈#≈≈≈≈.≈≈.≈#≈≈∩#.#≈≈#
.≈#≈≈#≈≈≈....≈≈#≈.≈#≈#≈≈#
≈≈#.≈#≈≈≈(.≈≈≈≈#≈≈##.#≈≈#
≈≈#≈≈#≈≈.$(≈≈.≈#≈≈#≈≈#≈≈#
≈≈#≈≈#≈≈..?..≈≈#.≈#≈≈#≈≈#
≈≈#.≈##≈≈.$..≈##..#.≈≈≈≈#
≈.##.≈#≈≈≈..≈llF@.#≈≈≈.≈#
≈≈†#≈≈##≈≈.≈≈.JS###≈.≈≈≈#
#≈≈#≈.≈##≈≈≈.≈###.#######
#≈≈##.≈≈#######≈≈.≈.#
#≈≈≈#≈≈≈≈≈≈≈.÷≈≈÷≈.≈#
##≈≈##≈≈≈.≈≈≈÷≈##≈≈##
#≈≈≈##≈≈≈≈≈≈≈##≈≈##
#≈≈≈≈###≈≈≈###≈.≈#
##≈≈≈≈≈#####.≈≈≈≈#


You could see a bullfrog, an ooze, a leopard gecko, a ball python and a frilled
lizard.

Vanquished Creatures
  9 adders
  10 oozes
  2 worms (D:3)
  5 dart slugs
  6 leopard geckos
  An orc (D:3)
  14 ball pythons
  14 bats
  19 giant cockroaches
  4 goblins
  6 hobgoblins
  5 jackals
  3 kobolds
  A quokka (D:2)
  10 frilled lizards
  4 rats
113 creatures vanquished.

Notes
Turn   | Place    | Note
-------+----------+-------------------------------------------
     0 | D:1      | Larett the Octopode Assassin began the quest for the Orb.
     0 | D:1      | Reached XP level 1. HP: 14/14 MP: 1/1
   158 | D:1      | Reached XP level 2. HP: 19/19 MP: 2/2
   212 | D:1      | Reached skill level 6 in Stealth
   434 | D:1      | Reached XP level 3. HP: 24/24 MP: 3/3
   730 | D:1      | Reached skill level 7 in Stealth
  1142 | D:2      | Reached XP level 4. HP: 29/29 MP: 4/4
  1356 | D:2      | Reached skill level 8 in Stealth
  1677 | D:3      | Found a glowing drain.
  1707 | Sewer    | Entered a sewer
  1716 | Sewer    | Reached XP level 5. HP: 31/34 MP: 5/5
  1907 | Sewer    | Reached skill level 9 in Stealth
  2393 | Sewer    | Reached XP level 6. HP: 30/39 MP: 6/6
  2404 | Sewer    | Reached skill level 10 in Stealth
  2677 | Sewer    | HP: 3/39 [bullfrog (9)]
  2678 | Sewer    | HP: 1/39 [ball python (1)]
  2678 | Sewer    | Slain by a bullfrog

Skill      XL: |  1  2  3  4  5  6 |
---------------+-------------------+-----
Stealth        | 6 7 8 9 10 | 10.0
Fighting       | |  2.0
Short Blades   | |  2.0
Throwing       | |  2.0
Dodging        | |  1.3

Action                   |  1- 3 |  4- 6 || total
-------------------------+-------+-------++-------
Melee: Dagger            |    42 |   162 ||   204
       Constrict         |     8 |    33 ||    41
       Tentacles         |     2 |    30 ||    32
  Use: Scroll            |       |     1 ||     1
       Potion            |       |     2 ||     2
 Stab: Sleeping          |    20 |    29 ||    49
  Eat: Chunk             |     1 |     5 ||     6
Armor: Skin              |     1 |    22 ||    23
Dodge: Dodged            |    13 |   116 ||   129
